Map: Jagannatha LE

Players

A.I. 1 (Very Easy) - Winner!

  • Race: Zerg Zerg
  • Spawn Location: 1:00

Beastyqt

  • Race: Terran Terran
  • League: Master
  • Spawn Location: 7:00

VOD

https://www.youtube.com/watch?v=eK0Z48lON28

Description

Time

  • Played on: Jan. 20, 2021, 12:13 p.m.
  • Length: 7:52
Show
View Real Time Build Order
Export as new Build Order

A.I. 1 (Very Easy) Zerg - Winner!

Build Orders: Pool First 

Get SALT Encoding   

  12  0:00  Drone  
  13  0:12  Overlord  
  13  0:16  Drone  
  14  0:36  Spawning Pool  
  14  0:38  Extractor  
  14  0:39  Drone  
  13  0:47  Drone  
  14  0:52  Overlord  
  14  1:23  Queen, Zergling x2  
  17  1:31  Roach Warren  
  16  1:35  Drone  
  16  1:38  Extractor  
  16  1:42  Zergling x2  
  16  1:43  Drone  
  18  1:56  Drone  
  19  2:02  Zergling x2  
  19  2:07  Drone  
  21  2:18  Drone  
  22  2:28  Drone  
  23  2:31  Overlord  
  23  2:36  Drone  
  24  2:43  Drone  
  25  5:53  Drone  
  25  5:54  Roach, Lair  
  28  6:00  Drone  
  28  6:08  Drone  
  29  6:15  Drone  
  29  6:16  Overlord  
  30  6:22  Drone  
  29  6:29  Drone  
  30  6:34  Ravager, Zergling x2  
  32  6:54  Overseer x2  
  32  7:14  Roach  
  34  7:16  Hatchery  
Show
View Real Time Build Order
Export as new Build Order

Beastyqt Terran 

Build Orders: Reaper Expand, Hellion Banshee 

Get SALT Encoding   

  12  0:00  SCV  
  13  0:12  SCV  
  14  0:17  Supply Depot  
  14  0:24  SCV  
  15  0:39  SCV  
  15  0:40  Barracks  
  16  0:45  Refinery  
  16  0:51  SCV  
  17  1:03  SCV  
  18  1:15  SCV  
  19  1:27  Orbital Command  
  19  1:28  Reaper  
  20  1:41  Command Center  
  20  1:53  SCV  
  21  1:55  Supply Depot  
  21  2:00  Marine  
  22  2:05  SCV  
  23  2:17  SCV  
  23  2:18  Factory  
  23  2:22  Barracks Reactor  
  24  2:29  SCV  
  25  2:37  Command Center  
  25  2:41  SCV  
  26  2:52  Orbital Command  
  26  2:54  SCV  
  27  3:06  SCV  
  27  3:07  Hellion x2  
  27  3:11  Starport  
  32  3:18  SCV  
  32  3:19  SCV, Refinery  
  34  3:22  Barracks Tech Lab  
  34  3:28  Hellion  
  34  3:30  SCV  
  34  3:32  Hellion  
  34  3:33  SCV  
  40  3:42  SCV  
  40  3:45  SCV  
  42  3:50  Hellion, Orbital Command  
  42  3:53  Hellion  
  42  3:54  SCV  
  47  3:57  SCV  
  47  3:59  Banshee  
  51  4:04  Cloaking Field  
  51  4:06  SCV  
  51  4:09  SCV  
  52  4:10  Supply Depot  
  52  4:12  Hellion  
  52  4:16  Hellion  
  56  4:17  SCV  
  56  4:19  SCV  
  56  4:23  SCV  
  59  4:28  Armory  
  59  4:29  SCV  
  60  4:31  SCV  
  60  4:33  Supply Depot  
  60  4:36  SCV  
  62  4:39  Hellion, Supply Depot  
  62  4:40  Hellion  
  62  4:41  SCV  
  67  4:46  SCV  
  67  4:49  SCV  
  67  4:52  Barracks Tech Lab  
  69  4:54  Banshee  
  69  4:55  SCV  
  69  4:57  Supply Depot  
  69  4:59  SCV  
  74  5:03  Supply Depot  
  74  5:06  SCV  
  75  5:08  Barracks  
  75  5:09  Refinery  
  75  5:10  Factory Reactor, Barracks  
  75  5:11  Marine  
  75  5:12  SCV, Refinery  
  75  5:13  SCV  
  78  5:18  SCV  
  79  5:22  Stimpack  
  79  5:25  SCV  
  80  5:29  Orbital Command, Marine  
  80  5:30  SCV  
  80  5:33  Engineering Bay  
  80  5:35  Engineering Bay  
  82  5:37  SCV  
  82  5:41  Barracks  
  83  5:42  Barracks  
  83  5:43  SCV  
  83  5:46  Marine  
  83  5:47  Starport Reactor  
  83  5:49  SCV  
  86  5:55  SCV x2  
  88  5:57  Supply Depot x2, Siege Tank  
  88  5:58  Marine x2  
  88  6:01  SCV  
  94  6:05  Marine x2  
  94  6:07  SCV x2  
  94  6:10  Supply Depot  
  98  6:11  Marine  
  98  6:13  SCV  
  98  6:16  Marine  
  101  6:18  Marine  
  101  6:19  SCV  
  101  6:20  Supply Depot  
  101  6:22  SCV  
  101  6:23  Marine x2  
  101  6:25  SCV  
  107  6:27  Medivac x2  
  107  6:29  Marine  
  107  6:31  SCV  
  113  6:36  Marine x2, Barracks Reactor x2  
  113  6:37  SCV  
  113  6:38  SCV  
  113  6:39  Refinery x2  
  117  6:41  Marine  
  117  6:45  Marine  
  117  6:46  SCV  
  117  6:47  Marine  
  114  6:48  Supply Depot  
  114  6:49  Siege Tank  
  114  6:50  Supply Depot  
  114  6:51  SCV  
  114  6:52  SCV  
  114  6:54  Marine  
  112  6:57  Marine  
  112  6:58  SCV  
  112  6:59  Marine  
  112  7:00  Supply Depot  
  116  7:02  Supply Depot  
  116  7:05  Medivac x2, Marine x2  
  116  7:06  SCV  
  121  7:12  Marine  
  122  7:19  Marine x2  
  122  7:20  Marine  
  122  7:21  Marine  
  122  7:22  Command Center, Marine  
  130  7:30  Supply Depot, Factory  
  130  7:31  Marine x2  
  130  7:32  Supply Depot  
Tags
 
Add a new tag
Caveats
  • Supply blocks, unpowered buildings, or Contaminate may cause inaccurate times.
  • Supply counts are checked every 10 seconds.